 Dungeon Crawl Stone Soup version 0.31-a0-702-gf82c85558f (webtiles) character file.

Game seed: 2006158590631134768

849 qw the Skirmisher (level 8, -23/49 HPs)
             Began as a Gargoyle Hunter on Sept 8, 2023.
             Annihilated by an ogre
             ... wielding a +0 giant spiked club
              (27 damage)
             ... on level 5 of the Dungeon.
             The game lasted 00:02:00 (4868 turns).

qw the Skirmisher (Gargoyle Hunter)                 Turns: 4868, Time: 00:02:01

Health: -23/49     AC: 13    Str: 15    XL:     8   Next: 1%
Magic:  8/8        EV: 11    Int: 10    God:
Gold:   234        SH:  0    Dex: 15    Spells: 7/7 levels left

rFire   . . .        Y - +0 shortbow
rCold   . . .        (shield currently unavailable)
rNeg    + . .        d - +0 ring mail
rPois   inf          (no helmet)
rElec   +            (no cloak)
rCorr   .            (no gloves)
SInv    +            g - +1 pair of boots
Will    .....        (no amulet)
Stlth   +            c - ring of see invisible
HPRegen 0.28/turn    (no ring)
MPRegen 0.11/turn

%: no passive effects
@: no status effects
A: sickness immunity, AC +5, negative energy resistance 1, electricity
resistance, torment resistance 1, petrification resistance
a: no special abilities


You were on level 5 of the Dungeon.
You visited 1 branch of the dungeon, and saw 5 of its levels.

You collected 234 gold pieces.


Innate Abilities, Weirdness & Mutations

You are immune to sickness and miasma.
Your stone body is resilient. (AC +5)
You are immune to poison.
You resist negative energy. (rN+)
You are resistant to electric shocks. (rElec)
You are resistant to unholy torment.
You are immune to petrification.


   Skills:
 - Level 5.0 Fighting
 - Level 8.2 Ranged Weapons
 - Level 2.2 Armour
 + Level 1.9 Dodging
 - Level 1.1 Stealth


You had 7 spell levels left.
You didn't know any spells.
Your spell library was empty.

Inventory:

Hand Weapons
 Y - a +0 shortbow (weapon)
Armour
 d - a +0 ring mail (worn)
 g - a +1 pair of boots (worn)
 p - the +2 cloak of the Goldsmith {Fly rF+ rC+ Str-5}
   (You found it on level 5 of the Dungeon)

   Str-5:     It affects your strength (-5).
   rF+:       It protects you from fire.
   rC+:       It protects you from cold.
   Fly:       It grants you flight.
Jewellery
 c - a ring of see invisible (left hand)
 l - a ring of positive energy
Scrolls
 a - 3 scrolls of identify
 m - 2 scrolls of noise {unknown}
 o - a scroll of vulnerability {unknown}
Potions
 b - a potion of resistance
 e - a potion of mutation
 f - 2 potions of curing
 h - a potion of degeneration {unknown}
 i - a potion of might
 j - a potion of lignification {unknown}
 n - a potion of attraction {unknown}

Dungeon Overview and Level Annotations

Branches:
Dungeon (5/15)
 Temple: D:4-7

Altars:
Ashenzari
Cheibriados
Elyvilon
Gozag
Hepliaklqana
Qazlal
Wu Jian

Annotations:
D:3 1 runed translucent door, qw's ghost, amateur GrHu


Message History

An orc wizard is nearby!
You shoot an arrow. The orc wizard shouts!
The arrow hits the orc wizard but does no damage.
You hear a shout!
You shoot an arrow. The arrow hits the orc wizard.
The orc wizard is moderately wounded.
An ogre comes into view. It is wielding a +0 giant spiked club.
The orc wizard gestures wildly while chanting.
The orc wizard flickers and vanishes for a moment.
You shoot an arrow.
The arrow closely misses the orc wizard.
The orc wizard barely misses you.
The orc wizard hits you but does no damage.
You shoot an arrow. The arrow hits the orc wizard!
The orc wizard is severely wounded.
The ogre barely misses you.
The orc wizard hits you with a +0 war axe!
You shoot an arrow. The arrow hits the orc wizard.
The orc wizard is almost dead.
The orc wizard hits you with a +0 war axe.
You shoot an arrow. The arrow hits the orc wizard.
You kill the orc wizard!
The ogre misses you.
You have reached level 8!
You feel stronger.
You shoot an arrow. The arrow hits the ogre!
The ogre is moderately wounded.
The ogre hits you with a +0 giant spiked club!!
You shoot an arrow. The arrow hits the ogre.
The ogre is moderately wounded.
The ogre barely misses you.
You shoot an arrow. The arrow barely misses the ogre.
You shoot an arrow. The arrow hits the ogre.
The ogre is heavily wounded.
The ogre hits you with a +0 giant spiked club.
You shoot an arrow. The arrow barely misses the ogre.
A jelly comes into view.
The ogre hits you with a +0 giant spiked club!!
Ouch! That really hurt!
You die...

#..# #####.###' ### #..#
#......... .. #..#
#.###..... #.#####..#
#.# #..###
#....##.####.###..#
#............<.#..#
###....#....(....%..#
#..)J))#...###.#.##.#
#...#O@#...# #.#.##.#
o.o.#.#).#...###.#.##.##
o.# #...................
} ###.....>...##.#####
##.#...#####.# ####
#.#...# #.# #..# #.#...#
#.# #..######.#....
####.............##


You could see an ogre and a jelly.

Vanquished Creatures
  A black bear (D:5)
  A phantom (D:5)
  A gnoll bouda (D:5)
  3 orc priests (D:5)
  A jelly (D:4)
  3 iguanas (D:5)
  8 orc wizards
  6 gnolls (D:5)
  8 adders
  4 worms
  21 orcs
  12 endoplasms
  3 giant cockroaches
  7 goblins
  5 hobgoblins
  9 kobolds
  2 quokkas
  7 ball pythons
  7 bats
  6 frilled lizards
  5 rats
  A spectral hobgoblin (D:3)
121 creatures vanquished.

Notes
Turn   | Place    | Note
-------+----------+-------------------------------------------
     0 | D:1      | qw the Gargoyle Hunter began the quest for the Orb.
     0 | D:1      | Reached XP level 1. HP: 12/12 MP: 1/1
     0 | D:1      | 0 ||| qw: Version: 0.3-a-76-g4403597
     0 | D:1      | 0 ||| qw: Game counter: 1149
     0 | D:1      | 0 ||| qw: Melee chars always use a shield: true
     0 | D:1      | 0 ||| qw: God list: Okawaru
     0 | D:1      | 0 ||| qw: Allow faded altars: false
     0 | D:1      | 0 ||| qw: Do Orc after clearing Dungeon:15 true
     0 | D:1      | 0 ||| qw: Do second Lair branch before Depths: true
     0 | D:1      | 0 ||| qw: Lair rune preference: random
     0 | D:1      | 0 ||| qw: Goals: Normal
     0 | D:1      | 0 ||| PLANNING D:1-11
    85 | D:1      | Reached XP level 2. HP: 17/17 MP: 2/2
   983 | D:1      | 983 ||| UPGRADING to +0 ring mail.
   993 | D:1      | 993 ||| DROPPING +0 leather armour.
   994 | D:1      | 994 ||| UPGRADING to +0 pair of boots.
   999 | D:1      | 999 ||| READING scroll labelled ROONO BERIASOSM.
  1100 | D:1      | 1100 ||| READING scroll labelled ZEOZIU QOVYKH.
  1101 | D:1      | 1101 ||| READING scroll labelled RECESU JAX MOZ.
  1102 | D:1      | 1102 ||| DRINKING 2 fuming clear potions.
  1206 | D:1      | 1206 ||| DRINKING 2 metallic silvery potions.
  1207 | D:1      | 1207 ||| DROPPING scroll of butterflies.
  1208 | D:1      | 1208 ||| DROPPING potion of berserk rage.
  1239 | D:2      | You fall into a shaft and drop 2 floors!
  1243 | D:4      | 1243 ||| FLEEEEING.
  1248 | D:4      | 1248 ||| FLEEEEING.
  1249 | D:4      | 1249 ||| FLEEEEING.
  1250 | D:4      | 1250 ||| STAIRDANCE
  1258 | D:3      | Found a faded altar of an unknown god.
  1290 | D:3      | Reached XP level 3. HP: 21/21 MP: 3/3
  1378 | D:3      | Noticed qw's ghost (amateur GrHu)
  1381 | D:3      | Found a runed translucent door.
  1384 | D:3      | 1384 ||| READING scroll labelled WUKIJO FEPLY.
  1387 | D:3      | Reached skill level 1 in Armour
  1526 | D:3      | 1526 ||| DROPPING ring of magical power.
  1557 | D:2      | Reached skill level 5 in Ranged Weapons
  1604 | D:2      | 1604 ||| READING scroll of enchant armour.
  1604 | D:2      | 1604 ||| ENCHANTING +0 pair of boots.
  1657 | D:2      | Reached XP level 4. HP: 27/27 MP: 4/4
  1876 | D:2      | Reached skill level 3 in Fighting
  2467 | D:2      | 2467 ||| UPGRADING to ring of see invisible.
  2468 | D:2      | 2468 ||| READING scroll labelled DAEMAO FALYOR.
  2469 | D:2      | 2469 ||| DRINKING 2 sedimented black potions.
  2470 | D:2      | 2470 ||| READING 3 scrolls of identify.
  2470 | D:2      | 2470 ||| IDENTIFYING lumpy coppery potion
  2471 | D:2      | 2471 ||| READING 2 scrolls of identify.
  2471 | D:2      | 2471 ||| IDENTIFYING bubbling green potion
  2621 | D:3      | 2621 ||| FLEEEEING.
  2623 | D:3      | 2623 ||| FLEEEEING.
  2805 | D:3      | Found a hazy altar of Hepliaklqana.
  2893 | D:3      | Reached XP level 5. HP: 32/32 MP: 5/5
  2903 | D:3      | Identified the +1 short sword of Tenacity {flame, rC+ Str+3
                  | Int+3}
  3257 | D:3      | 3257 ||| READING 2 scrolls labelled UHAMUJ BYCO.
  3358 | D:4      | Reached skill level 6 in Ranged Weapons
  3387 | D:4      | 3387 ||| Stepping ~*~*~tactically~*~*~ (outnumbered).
  3388 | D:4      | 3388 ||| Stepping ~*~*~tactically~*~*~ (outnumbered).
  3403 | D:4      | Reached XP level 6. HP: 37/38 MP: 6/6
  3890 | D:4      | 3890 ||| READING 2 scrolls of identify.
  3890 | D:4      | 3890 ||| IDENTIFYING fuming pink potion
  3923 | D:5      | Entered Level 5 of the Dungeon
  3957 | D:5      | 3957 ||| Stepping ~*~*~tactically~*~*~ (outnumbered).
  3959 | D:5      | 3959 ||| Stepping ~*~*~tactically~*~*~ (outnumbered).
  3961 | D:5      | 3961 ||| Stepping ~*~*~tactically~*~*~ (retreating).
  3973 | D:5      | HP: 7/38 [gnoll/+0 halberd[a gnoll bouda] (4)]
  3974 | D:5      | 3974 ||| READING scroll of teleportation.
  3975 | D:5      | 3975 ||| DRINKING 3 potions of heal wounds.
  4177 | D:5      | 4177 ||| RETREATING.
  4179 | D:5      | 4179 ||| Stepping ~*~*~tactically~*~*~ (outnumbered).
  4181 | D:5      | 4181 ||| Stepping ~*~*~tactically~*~*~ (outnumbered).
  4185 | D:5      | 4185 ||| DRINKING 3 potions of curing.
  4185 | D:5      | 4185 ||| (to cure confusion)
  4192 | D:5      | Reached skill level 7 in Ranged Weapons
  4213 | D:5      | Reached XP level 7. HP: 23/43 MP: 7/7
  4369 | D:5      | Found an opulent altar of Gozag.
  4394 | D:5      | Found a broken altar of Ashenzari.
  4395 | D:5      | Found a snail-covered altar of Cheibriados.
  4400 | D:5      | Found a stormy altar of Qazlal.
  4400 | D:5      | Found an ornate altar of the Wu Jian Council.
  4420 | D:5      | Identified the +4 quarterstaff of the Poles {flame, rF+}
  4545 | D:5      | Reached skill level 8 in Ranged Weapons
  4571 | D:5      | Identified the +2 cloak of the Goldsmith {Fly rF+ rC+
                  | Str-5}
  4785 | D:5      | Found a white marble altar of Elyvilon.
  4825 | D:5      | 4825 ||| RETREATING.
  4836 | D:5      | HP: 9/44 [orc priest/nerve-wracking pain (3)]
  4837 | D:5      | 4837 ||| DRINKING 2 potions of heal wounds.
  4843 | D:5      | HP: 9/44 [orc priest/nerve-wracking pain (4)]
  4844 | D:5      | 4844 ||| DRINKING potion of heal wounds.
  4864 | D:5      | Reached XP level 8. HP: 25/49 MP: 8/8
  4864 | D:5      | HP: 6/49 [ogre/+0 giant spiked club (19)]
  4868 | D:5      | Annihilated by an ogre

Levels and vault maps discovered:
D:1:      dpeg_arrival_rhombi, layout_basic, item_on_display_a
D:2:      wad_lake_hut, layout_basic
D:3:      layout_loops_corners, nicolae_hepliaklqana_monster_ancestors,
          hellmonk_ghost_happy_afterlife, ebering_ecumenical_altar_webs,
          minmay_circle_x
D:4:      layout_basic
D:5:      layout_loops_ring, nicolae_gozag_seed_capital, kennysheep_little_box,
          chequers_temple_overflow_statue_of_worship, grunt_ministairs_3,
          minmay_stone_trees_small

Skill      XL: |  1  2  3  4  5  6  7 |
---------------+----------------------+-----
Armour         | 1 2 |  2.2
Ranged Weapons | 5 6 7 8 |  8.2
Fighting       | 3 4 5 |  5.0
Dodging        | |  1.9
Stealth        | |  1.1

Action                     |  1- 3 |  4- 6 |  7- 9 || total
---------------------------+-------+-------+-------++-------
   Fire: Shortbow          |   127 |   256 |   145 ||   528
    Use: Scroll            |     5 |     6 |       ||    11
         Potion            |     2 |     3 |     2 ||     7
 Armour: Leather armour    |     7 |       |       ||     7
         Ring mail         |    25 |    95 |    58 ||   178
  Dodge: Dodged            |    33 |    58 |    57 ||   148

Table legend:
 A = Non-vault XP
 B = Vault XP
 C = Vault XP percentage of total XP
 D = Non-vault monster count
 E = Vault monster count
 F = Vault count percentage of total count
                 A         B        C        D         E       F
            +---------+---------+-------+---------+---------+-------
      Total |    1174 |      40 |   3.3 |     112 |       9 |   7.4
            +---------+---------+-------+---------+---------+-------
        D:1 |      30 |       0 |   0.0 |      20 |       0 |   0.0
        D:2 |      95 |       0 |   0.0 |      27 |       0 |   0.0
        D:3 |      23 |      27 |  54.0 |      12 |       8 |  40.0
        D:4 |     248 |       0 |   0.0 |      26 |       0 |   0.0
        D:5 |     778 |      13 |   1.6 |      27 |       1 |   3.6
            +---------+---------+-------+---------+---------+-------
